Punishers vs Mulligans
Created - 9 février 2017 at 19:03
Goals
|
| Punishers |
1 |
0 |
5 |
6 |
| Mulligans |
0 |
1 |
3 |
4 |
|
Shots
|
| Punishers |
5 |
12 |
17 |
34 |
| Mulligans |
9 |
14 |
10 |
33 |
|
1st period
1. Punishers , Radek Smolenak 5 (Petteri Nokelainen) at 14:53
Penalties :
Matt Mackenzie (Pro) for Hooking (Minor) at 17:17
2nd period
2. Mulligans , Eric Tangradi 15 (Reid Boucher, Tim Schaller) at 1:29
Penalties :
Radek Smolenak (Pro) for Hooking (Minor) at 1:32, Matt Beleskey (Rep) for Hooking (Minor) at 19:35
3rd period
3. Punishers , Petteri Nokelainen 21 (Dainius Zubrus) at 0:18 (PP)
4. Punishers , Casey Cizikas 13 (Dainius Zubrus, Boone Jenner) at 1:27
5. Punishers , Ryan Malone 20 (Brandon McMillan, Dainius Zubrus) at 2:13
6. Mulligans , Eric Tangradi 16 (Thomas Hickey) at 2:29
7. Mulligans , Eric Tangradi 17 (Jonathan Tremblay, Michael Del Zotto) at 12:27
8. Punishers , Tanner Glass 18 (Simon Despres, Luke Adam) at 13:02
9. Mulligans , Joonas Donskoi 3 (Matt Beleskey, Matt Niskanen) at 14:15
10. Punishers , Mike Sauer 5 (Adam McQuaid, Kevin Poulin) at 15:40 (PP)
Penalties :
Mike Sauer (Pro) for Tripping (Minor) at 4:20, Luke Adam (Pro) for Tripping (Minor) at 7:20, Nick Bonino (Rep) for Roughing (Minor) at 14:52
Goalie Stats
Kevin Poulin (Pro), 29 saves from 33 shots - (0,879), W, 15-14-1, 60:00 minutes
Calvin Pickard (Rep), 28 saves from 34 shots - (0,824), L, 10-6-1, 60:00 minutes
Players Stats for Punishers
Player Name G A P +/- PIM S H SB GA TA FO MP PP MP PK MP
------------------------------------------------------------------------------------
Adam McQuaid 0 1 1 -1 0 1 0 2 0 0 0/0 28:54 1:07 4:32
Alex Petrovic 0 0 0 0 0 0 0 1 0 1 0/0 19:09 0:24 3:24
Boone Jenner 0 1 1 -1 0 0 4 0 0 0 0/2 15:12 0:00 1:05
Brandon McMillan 0 1 1 0 0 2 0 0 0 1 1/4 7:06 0:00 0:00
Casey Cizikas 1 0 1 1 0 3 0 0 0 0 4/9 11:24 0:00 0:20
Dainius Zubrus 0 3 3 1 0 4 2 2 0 0 1/2 16:37 1:03 4:17
Dylan DeMelo 0 0 0 1 0 1 0 3 0 1 0/0 13:04 0:00 1:07
Frazer Mclaren 0 0 0 1 0 0 1 2 0 1 1/1 11:04 0:00 0:00
Luke Adam 0 1 1 -1 2 3 3 1 1 1 7/15 14:38 0:28 0:00
Matt Mackenzie 0 0 0 1 2 1 0 0 0 1 0/0 11:59 0:00 0:00
Michael Ferland 0 0 0 0 0 0 0 0 0 1 0/1 8:14 0:00 1:08
Miikka Salomaki 0 0 0 0 0 1 0 2 0 0 0/1 17:57 0:00 0:00
Mike Blunden 0 0 0 0 0 0 0 0 0 0 0/0 0:28 0:28 0:00
Mike Sauer 1 0 1 -1 2 2 2 4 1 1 0/0 27:37 1:07 3:16
Petteri Nokelainen 1 1 2 0 0 4 1 0 1 1 16/35 21:30 1:03 2:24
Radek Smolenak 1 0 1 0 2 3 0 1 2 1 1/3 18:05 0:00 0:00
Ryan Malone 1 0 1 0 0 3 1 0 0 0 4/6 12:36 1:03 4:14
Simon Despres 0 1 1 0 0 1 2 1 0 2 0/0 19:21 0:24 3:33
Tanner Glass 1 0 1 -1 0 5 2 0 0 0 3/3 17:05 0:28 2:24
Players Stats for Mulligans
Player Name G A P +/- PIM S H SB GA TA FO MP PP MP PK MP
------------------------------------------------------------------------------------
Anton Lander 0 0 0 3 0 0 1 0 1 0 18/28 16:33 3:29 0:07
Cade Fairchild 0 0 0 1 0 0 0 3 0 0 0/0 8:59 0:00 0:07
Chris Neil 0 0 0 -2 0 2 2 0 0 3 0/1 20:59 4:27 0:40
Cody Goloubef 0 0 0 -1 0 0 0 0 0 0 0/0 11:08 0:00 0:07
Darren Dietz 0 0 0 1 0 0 0 0 0 0 0/0 8:52 0:00 0:00
Drayson Bowman 0 0 0 -2 0 2 4 1 1 0 1/1 20:19 4:27 0:00
Eric Tangradi 3 0 3 3 0 6 3 0 0 0 2/2 16:26 3:29 0:00
Gord Baldwin 0 0 0 -1 0 0 2 0 2 1 0/0 12:25 0:00 1:24
Jonathan Tremblay 0 1 1 3 0 3 3 0 1 0 0/2 16:33 3:29 0:07
Joonas Donskoi 1 0 1 0 0 1 1 0 0 0 0/0 13:12 0:00 0:00
Logan Shaw 0 0 0 -1 0 1 1 0 0 0 0/0 8:32 0:00 0:00
Matt Beleskey 0 1 1 0 2 1 4 1 1 0 1/1 13:52 0:00 0:41
Matt Donovan 0 0 0 -1 0 1 0 1 0 0 0/0 19:41 4:22 0:00
Matt Niskanen 0 1 1 1 0 1 0 0 1 0 0/0 20:19 3:34 1:24
Maxime Macenauer 0 0 0 0 0 2 0 2 2 1 8/16 14:36 0:00 1:24
Michael Del Zotto 0 1 1 -1 0 6 1 0 1 0 0/0 19:41 4:22 0:00
Nick Bonino 0 0 0 -2 2 6 1 0 1 0 12/25 20:18 4:27 0:00
Reid Boucher 0 1 1 -1 0 0 1 0 0 0 0/1 8:35 0:00 0:03
Thomas Hickey 0 1 1 1 0 0 1 1 1 0 0/0 18:55 3:34 0:00
Tim Schaller 0 1 1 -1 0 1 3 0 0 0 2/5 8:32 0:00 0:00
3 Stars
1 - Eric Tangradi (Rep)
2 - Dainius Zubrus (Pro)
3 - Petteri Nokelainen (Pro)
Power Play
Punishers - 2 on 2 Attempt(s) - 100,00%
Mulligans - 0 on 4 Attempt(s) - 0,00%
Penalty Kill
Punishers - 4 on 4 Attempt(s) - 100,00%
- Score 0 goal in Penalty Kill
Mulligans - 0 on 2 Attempt(s) - 0,00%
- Score 0 goal in Penalty Kill
Team Stat
Punishers - Hits : 18 - Faceoff Wins : 38 - Blocked Shots : 19 - Penalty Minutes : 8
Mulligans - Hits : 28 - Faceoff Wins : 44 - Blocked Shots : 9 - Penalty Minutes : 4
Official
Referees : Kowal Tom and L'Ecuyer Frederick
Linesman : Vaughan Rody and Lonnie Cameron
Game Notes
Eric Tangradi has scored a Hat Trick!
Finance
Level 1 -- Attendance: 1353 (67,65%) -- Ticket Income 27 060 $
Level 2 -- Attendance: 693 (69,30%) -- Ticket Income 4 851 $
Total Attendance: 2046 (68,20%)
Total Ticket Income: 31 911 $
Other Income: 1 596 $
Total Income: 33 507 $
Punishers
5 vs 5 Forward
Center Left Wing Right Wing Time % Phy DF OF
1 Petteri Nokelainen Radek Smolenak Miikka Salomaki 40 1 2 2
2 Luke Adam Tanner Glass Boone Jenner 30 1 2 2
3 Casey Cizikas Frazer Mclaren Dainius Zubrus 20 1 2 2
4 Brandon McMillan Michael Ferland Ryan Malone 10 1 2 2
5 vs 5 Defense
Defense Defense Time % Phy DF OF
1 Mike Sauer Adam McQuaid 40 1 2 2
2 Simon Despres Alex Petrovic 30 1 2 2
3 Matt Mackenzie Dylan DeMelo 20 1 2 2
4 Mike Sauer Adam McQuaid 10 1 2 2
PowerPlay Forward
Center Left Wing Right Wing Time % Phy DF OF
1 Petteri Nokelainen Ryan Malone Dainius Zubrus 60 1 2 2
2 Luke Adam Tanner Glass Mike Blunden 40 1 2 2
PowerPlay Defense
Defense Defense Time % Phy DF OF
1 Mike Sauer Adam McQuaid 60 1 2 2
2 Simon Despres Alex Petrovic 40 1 2 2
Penalty Kill 4 Players Forward
Center Wing Time % Phy DF OF
1 Ryan Malone Dainius Zubrus 60 1 2 2
2 Tanner Glass Petteri Nokelainen 40 1 2 2
Penalty Kill 4 Players Defense
Defense Defense Time % Phy DF OF
1 Mike Sauer Adam McQuaid 60 1 2 2
2 Simon Despres Alex Petrovic 40 1 2 2
Penalty Kill - 3 Players Forward
Forward Time % Phy DF OF
1 Ryan Malone 60 1 2 2
2 Dainius Zubrus 40 1 2 2
Penalty Kill - 3 Players Defense
Defense Defense Time % Phy DF OF
1 Mike Sauer Adam McQuaid 60 1 2 2
2 Simon Despres Alex Petrovic 40 1 2 2
4 vs 4 Forward
Center Wing Time % Phy DF OF
1 Ryan Malone Dainius Zubrus 60 1 2 2
2 Tanner Glass Petteri Nokelainen 40 1 2 2
4 vs 4 Defense
Defense Defense Time % Phy DF OF
1 Mike Sauer Adam McQuaid 60 1 2 2
2 Simon Despres Alex Petrovic 40 1 2 2
Last Minutes Offensive
Center Left Wing Right Wing Defense Defense
Petteri Nokelainen Ryan Malone Dainius Zubrus Mike Sauer Adam McQuaid
Last Minutes Defensive
Center Left Wing Right Wing Defense Defense
Petteri Nokelainen Ryan Malone Dainius Zubrus Mike Sauer Adam McQuaid
Goaltenders
Starting : Kevin Poulin
Backup : Niklas Svedberg
Extra Forwards
Normal : Boone Jenner, Casey Cizikas, Petteri Nokelainen - PP : Boone Jenner, Radek Smolenak - PK : Boone Jenner
Extra Defensemen
Normal : Matt Mackenzie, Dylan DeMelo, Simon Despres - PP : Matt Mackenzie - PK : Dylan DeMelo, Simon Despres
Penalty Shots
Ryan Malone, Dainius Zubrus, Tanner Glass, Petteri Nokelainen, Luke Adam
Mulligans
5 vs 5 Forward
Center Left Wing Right Wing Time % Phy DF OF
1 Nick Bonino Drayson Bowman Chris Neil 32 0 2 3
2 Anton Lander Eric Tangradi Jonathan Tremblay 28 1 2 2
3 Maxime Macenauer Matt Beleskey Joonas Donskoi 24 1 2 2
4 Tim Schaller Reid Boucher Logan Shaw 16 1 2 2
5 vs 5 Defense
Defense Defense Time % Phy DF OF
1 Michael Del Zotto Matt Donovan 30 1 3 1
2 Thomas Hickey Matt Niskanen 30 1 3 1
3 Gord Baldwin Cody Goloubef 22 1 3 1
4 Darren Dietz Cade Fairchild 18 1 3 1
PowerPlay Forward
Center Left Wing Right Wing Time % Phy DF OF
1 Nick Bonino Drayson Bowman Chris Neil 60 1 0 4
2 Anton Lander Eric Tangradi Jonathan Tremblay 40 1 0 4
PowerPlay Defense
Defense Defense Time % Phy DF OF
1 Michael Del Zotto Matt Donovan 55 1 1 3
2 Thomas Hickey Matt Niskanen 45 0 2 3
Penalty Kill 4 Players Forward
Center Wing Time % Phy DF OF
1 Maxime Macenauer Matt Beleskey 60 1 3 1
2 Anton Lander Jonathan Tremblay 40 1 3 1
Penalty Kill 4 Players Defense
Defense Defense Time % Phy DF OF
1 Matt Niskanen Gord Baldwin 60 1 4 0
2 Cody Goloubef Cade Fairchild 40 1 4 0
Penalty Kill - 3 Players Forward
Forward Time % Phy DF OF
1 Maxime Macenauer 60 1 4 0
2 Anton Lander 40 1 4 0
Penalty Kill - 3 Players Defense
Defense Defense Time % Phy DF OF
1 Matt Donovan Gord Baldwin 60 1 2 2
2 Matt Niskanen Cody Goloubef 40 1 2 2
4 vs 4 Forward
Center Wing Time % Phy DF OF
1 Nick Bonino Drayson Bowman 60 0 2 3
2 Anton Lander Eric Tangradi 40 1 2 2
4 vs 4 Defense
Defense Defense Time % Phy DF OF
1 Michael Del Zotto Matt Donovan 60 0 3 2
2 Thomas Hickey Matt Niskanen 40 0 3 2
Last Minutes Offensive
Center Left Wing Right Wing Defense Defense
Nick Bonino Drayson Bowman Chris Neil Michael Del Zotto Matt Donovan
Last Minutes Defensive
Center Left Wing Right Wing Defense Defense
Anton Lander Eric Tangradi Jonathan Tremblay Cody Goloubef Matt Donovan
Goaltenders
Starting : Calvin Pickard
Backup : Anders Lindback
Extra Forwards
Normal : Logan Shaw, Reid Boucher, Joonas Donskoi - PP : Matt Beleskey, Logan Shaw - PK : Chris Neil
Extra Defensemen
Normal : Cody Goloubef, Matt Donovan, Cade Fairchild - PP : Matt Donovan - PK : Matt Donovan, Cade Fairchild
Penalty Shots
Chris Neil, Maxime Macenauer, Nick Bonino, Matt Beleskey, Thomas Hickey
% Time on Ice - Punishers
Lines # - Real PCT - Wanted PCT - Time Play
Normal Forward
1 - 36% - 40% - 18:10
2 - 28% - 30% - 14:13
3 - 22% - 20% - 11:04
4 - 14% - 10% - 7:06
Normal Defense
1 - 40% - 40% - 20:24
2 - 30% - 30% - 15:21
3 - 24% - 20% - 11:57
4 - 6% - 10% - 2:51
PP Forward
1 - 69% - 60% - 1:03
2 - 31% - 40% - 0:28
PP Defense
1 - 74% - 60% - 1:07
2 - 26% - 40% - 0:24
PK Forward
1 - 70% - 60% - 5:32
2 - 30% - 40% - 2:24
PK Defense
1 - 57% - 60% - 4:32
2 - 43% - 40% - 3:24
PK3 Forward
1 - 0% - 60%
2 - 0% - 40%
PK3 Defense
1 - 0% - 60%
2 - 0% - 40%
44 Forward
1 - 0% - 60%
2 - 0% - 40%
44 Defense
1 - 0% - 60%
2 - 0% - 40%
Last Minute Offensive - 0:00
Last Minute Defensive - 0:00
Total
Forward - 60:00
Defense - 60:00
|
% Time on Ice - Mulligans
Lines # - Real PCT - Wanted PCT - Time Play
Normal Forward
1 - 31% - 32% - 15:52
2 - 26% - 28% - 12:57
3 - 26% - 24% - 13:12
4 - 17% - 16% - 8:32
Normal Defense
1 - 30% - 30% - 15:19
2 - 30% - 30% - 15:21
3 - 22% - 22% - 11:01
4 - 18% - 18% - 8:52
PP Forward
1 - 56% - 60% - 4:27
2 - 44% - 40% - 3:29
PP Defense
1 - 55% - 55% - 4:22
2 - 45% - 45% - 3:34
PK Forward
1 - 92% - 60% - 1:24
2 - 8% - 40% - 0:07
PK Defense
1 - 92% - 60% - 1:24
2 - 8% - 40% - 0:07
PK3 Forward
1 - 0% - 60%
2 - 0% - 40%
PK3 Defense
1 - 0% - 60%
2 - 0% - 40%
44 Forward
1 - 0% - 60%
2 - 0% - 40%
44 Defense
1 - 0% - 60%
2 - 0% - 40%
Last Minute Offensive - 0:00
Last Minute Defensive - 0:00
Total
Forward - 60:00
Defense - 60:00
|
Play by Play
1st period
0:01 of 1st period - Nick Bonino wins face-off versus Petteri Nokelainen in neutral zone.
0:04 of 1st period - Wrist shot by Drayson Bowman.
0:04 of 1st period - Shot Blocked by Mike Sauer.
0:07 of 1st period - Icing by Mike Sauer.
0:08 of 1st period - Petteri Nokelainen wins face-off versus Nick Bonino in Punishers zone.
0:15 of 1st period - Wrist shot by Petteri Nokelainen.
0:15 of 1st period - Shot Misses the Net.
0:17 of 1st period - Snap shot by Mike Sauer.
0:17 of 1st period - Stopped by Calvin Pickard with a rebound.
0:19 of 1st period - Slapshot by Radek Smolenak.
0:19 of 1st period - Deflect By Miikka Salomaki.
0:19 of 1st period - Shot Misses the Net.
0:19 of 1st period - Puck is out of play.
0:20 of 1st period - Anton Lander wins face-off versus Luke Adam in Mulligans zone.
0:45 of 1st period - Casey Cizikas is hit by Matt Beleskey and loses puck.
1:14 of 1st period - Wrist shot by Matt Beleskey.
1:14 of 1st period - Shot Blocked by Dylan DeMelo.
1:49 of 1st period - Wrist shot by Luke Adam.
1:49 of 1st period - Deflect By Boone Jenner.
1:49 of 1st period - Shot Misses the Net.
1:49 of 1st period - Puck is out of play.
1:50 of 1st period - Petteri Nokelainen wins face-off versus Tim Schaller in Mulligans zone.
2:15 of 1st period - Icing by Luke Adam.
2:16 of 1st period - Luke Adam wins face-off versus Nick Bonino in Punishers zone.
3:02 of 1st period - Slapshot by Tim Schaller.
3:02 of 1st period - Deflect By Petteri Nokelainen.
3:02 of 1st period - Shot Blocked by Mike Sauer.
3:02 of 1st period - Puck is out of play.
3:03 of 1st period - Petteri Nokelainen wins face-off versus Tim Schaller in Punishers zone.
3:10 of 1st period - Alex Petrovic is hit by Logan Shaw and loses puck.
3:19 of 1st period - Slapshot by Matt Donovan.
3:19 of 1st period - Shot Misses the Net.
3:28 of 1st period - Off-side.
3:29 of 1st period - Nick Bonino wins face-off versus Luke Adam in neutral zone.
3:54 of 1st period - Tanner Glass is hit by Matt Beleskey and loses puck.
4:14 of 1st period - Icing by Mike Sauer.
4:15 of 1st period - Anton Lander wins face-off versus Petteri Nokelainen in Punishers zone.
4:40 of 1st period - Frazer Mclaren is hit by Chris Neil and loses puck.
5:23 of 1st period - Wrist shot by Chris Neil.
5:23 of 1st period - Stopped by Kevin Poulin with a rebound.
5:25 of 1st period - Snap shot by Chris Neil.
5:25 of 1st period - Stopped by Kevin Poulin without a rebound.
5:26 of 1st period - Eric Tangradi wins face-off versus Petteri Nokelainen in Punishers zone.
5:29 of 1st period - Snap shot by Jonathan Tremblay.
5:29 of 1st period - Stopped by Kevin Poulin without a rebound.
5:30 of 1st period - Anton Lander wins face-off versus Petteri Nokelainen in Punishers zone.
5:31 of 1st period - Snap shot by Eric Tangradi.
5:31 of 1st period - Deflect By Anton Lander.
5:31 of 1st period - Shot Blocked by Simon Despres.
5:31 of 1st period - Puck is out of play.
5:32 of 1st period - Anton Lander wins face-off versus Petteri Nokelainen in Punishers zone.
6:05 of 1st period - Snap shot by Drayson Bowman.
6:05 of 1st period - Stopped by Kevin Poulin without a rebound.
6:06 of 1st period - Anton Lander wins face-off versus Brandon McMillan in Punishers zone.
6:31 of 1st period - Brandon McMillan is hit by Reid Boucher and loses puck.
6:42 of 1st period - Wrist shot by Tim Schaller.
6:42 of 1st period - Shot Misses the Net.
6:47 of 1st period - Off-side.
6:48 of 1st period - Maxime Macenauer wins face-off versus Luke Adam in neutral zone.
8:45 of 1st period - Wrist shot by Casey Cizikas.
8:45 of 1st period - Shot Misses the Net.
9:54 of 1st period - Icing by Nick Bonino.
9:55 of 1st period - Casey Cizikas wins face-off versus Anton Lander in Mulligans zone.
10:48 of 1st period - Wrist shot by Dainius Zubrus.
10:48 of 1st period - Deflect By Frazer Mclaren.
10:48 of 1st period - Shot Blocked by Matt Donovan.
10:48 of 1st period - Puck is out of play.
10:49 of 1st period - Petteri Nokelainen wins face-off versus Jonathan Tremblay in Mulligans zone.
11:02 of 1st period - Backhand shot by Jonathan Tremblay.
11:02 of 1st period - Shot Misses the Net.
11:45 of 1st period - Slapshot by Michael Del Zotto.
11:45 of 1st period - Stopped by Kevin Poulin with a rebound.
11:47 of 1st period - Slapshot by Matt Donovan.
11:47 of 1st period - Shot Misses the Net.
11:49 of 1st period - Slapshot by Matt Beleskey.
11:49 of 1st period - Shot Misses the Net.
12:03 of 1st period - Wrist shot by Petteri Nokelainen.
12:03 of 1st period - Shot Misses the Net.
12:19 of 1st period - Jonathan Tremblay is hit by Frazer Mclaren and loses puck.
12:36 of 1st period - Wrist shot by Ryan Malone.
12:36 of 1st period - Stopped by Calvin Pickard with a rebound.
13:05 of 1st period - Slapshot by Nick Bonino.
13:05 of 1st period - Stopped by Kevin Poulin with a rebound.
13:14 of 1st period - Icing by Matt Beleskey.
13:15 of 1st period - Anton Lander wins face-off versus Dainius Zubrus in Mulligans zone.
13:22 of 1st period - Snap shot by Eric Tangradi.
13:22 of 1st period - Stopped by Kevin Poulin without a rebound.
13:23 of 1st period - Petteri Nokelainen wins face-off versus Anton Lander in Punishers zone.
13:48 of 1st period - Chris Neil is hit by Boone Jenner and loses puck.
14:14 of 1st period - Snap shot by Maxime Macenauer.
14:14 of 1st period - Shot Blocked by Frazer Mclaren.
14:16 of 1st period - Snap shot by Maxime Macenauer.
14:16 of 1st period - Shot Blocked by Frazer Mclaren.
14:28 of 1st period - Tim Schaller is hit by Ryan Malone and loses puck.
14:49 of 1st period - Snap shot by Petteri Nokelainen.
14:49 of 1st period - Shot Blocked by Cade Fairchild.
14:51 of 1st period - Wrist shot by Radek Smolenak.
14:51 of 1st period - Stopped by Calvin Pickard without a rebound.
14:52 of 1st period - Petteri Nokelainen wins face-off versus Nick Bonino in Mulligans zone.
14:53 of 1st period - Snap shot by Radek Smolenak.
14:53 of 1st period - Deflect By Chris Neil.
14:53 of 1st period - Goal by Radek Smolenak - Punishers : 1 - Mulligans : 0.
14:54 of 1st period - Petteri Nokelainen wins face-off versus Nick Bonino in neutral zone.
15:29 of 1st period - Snap shot by Dainius Zubrus.
15:29 of 1st period - Stopped by Calvin Pickard without a rebound.
15:30 of 1st period - Maxime Macenauer wins face-off versus Casey Cizikas in Mulligans zone.
15:34 of 1st period - Off-side.
15:35 of 1st period - Matt Beleskey wins face-off versus Petteri Nokelainen in neutral zone.
16:05 of 1st period - Thomas Hickey is hit by Tanner Glass.
16:09 of 1st period - Mike Sauer is hit by Jonathan Tremblay and loses puck.
17:01 of 1st period - Wrist shot by Matt Beleskey.
17:01 of 1st period - Stopped by Kevin Poulin with a rebound.
17:17 of 1st period - Minor Penalty to Matt Mackenzie for Hooking.
17:18 of 1st period - Ryan Malone wins face-off versus Nick Bonino in Punishers zone.
19:04 of 1st period - Chris Neil is hit by Simon Despres and loses puck.
19:17 of 1st period - Penalty to Matt Mackenzie is over, Matt Mackenzie is back on ice.
19:39 of 1st period - Icing by Miikka Salomaki.
19:40 of 1st period - Luke Adam wins face-off versus Reid Boucher in Punishers zone.
19:51 of 1st period - Wrist shot by Tim Schaller.
19:51 of 1st period - Stopped by Kevin Poulin with a rebound.
Goals for this period are 1 for Punishers vs 0 for Mulligans.
Shots for this period are 5 for Punishers vs 9 for Mulligans.
2nd period
0:01 of 2nd period - Anton Lander wins face-off versus Petteri Nokelainen in neutral zone.
0:26 of 2nd period - Mike Sauer is hit by Drayson Bowman and loses puck.
0:55 of 2nd period - Snap shot by Matt Beleskey.
0:55 of 2nd period - Shot Blocked by Adam McQuaid.
1:29 of 2nd period - Slapshot by Eric Tangradi.
1:29 of 2nd period - Goal by Eric Tangradi - Punishers : 1 - Mulligans : 1.
1:30 of 2nd period - Petteri Nokelainen wins face-off versus Anton Lander in neutral zone.
1:32 of 2nd period - Minor Penalty to Radek Smolenak for Hooking.
1:33 of 2nd period - Nick Bonino wins face-off versus Ryan Malone in Punishers zone.
2:15 of 2nd period - Snap shot by Eric Tangradi.
2:15 of 2nd period - Stopped by Kevin Poulin without a rebound.
2:16 of 2nd period - Ryan Malone wins face-off versus Anton Lander in Punishers zone.
2:16 of 2nd period - Ryan Malone is hit by Eric Tangradi.
2:59 of 2nd period - Matt Donovan is hit by Dainius Zubrus and loses puck.
3:32 of 2nd period - Penalty to Radek Smolenak is over, Radek Smolenak is back on ice.
4:09 of 2nd period - Slapshot by Thomas Hickey.
4:09 of 2nd period - Shot Blocked by Radek Smolenak.
4:39 of 2nd period - Alex Petrovic is hit by Drayson Bowman and loses puck.
4:47 of 2nd period - Icing by Boone Jenner.
4:48 of 2nd period - Anton Lander wins face-off versus Brandon McMillan in Punishers zone.
5:20 of 2nd period - Wrist shot by Radek Smolenak.
5:20 of 2nd period - Shot Hit the Post.
5:38 of 2nd period - Matt Beleskey is hit by Luke Adam and loses puck.
6:15 of 2nd period - Off-side.
6:16 of 2nd period - Brandon McMillan wins face-off versus Anton Lander in neutral zone.
6:21 of 2nd period - Snap shot by Brandon McMillan.
6:21 of 2nd period - Shot Misses the Net.
6:47 of 2nd period - Snap shot by Nick Bonino.
6:47 of 2nd period - Stopped by Kevin Poulin with a rebound.
6:49 of 2nd period - Snap shot by Nick Bonino.
6:49 of 2nd period - Stopped by Kevin Poulin with a rebound.
6:51 of 2nd period - Snap shot by Drayson Bowman.
6:51 of 2nd period - Shot Blocked by Alex Petrovic.
7:07 of 2nd period - Wrist shot by Luke Adam.
7:07 of 2nd period - Stopped by Calvin Pickard without a rebound.
7:08 of 2nd period - Eric Tangradi wins face-off versus Boone Jenner in Mulligans zone.
7:47 of 2nd period - Slapshot by Petteri Nokelainen.
7:47 of 2nd period - Stopped by Calvin Pickard with a rebound.
8:20 of 2nd period - Michael Ferland is hit by Tim Schaller and loses puck.
8:27 of 2nd period - Slapshot by Matt Mackenzie.
8:27 of 2nd period - Shot Hit the Post.
8:29 of 2nd period - Slapshot by Alex Petrovic.
8:29 of 2nd period - Deflect By Ryan Malone.
8:29 of 2nd period - Stopped by Calvin Pickard without a rebound.
8:30 of 2nd period - Nick Bonino wins face-off versus Petteri Nokelainen in Mulligans zone.
8:37 of 2nd period - Snap shot by Drayson Bowman.
8:37 of 2nd period - Shot Misses the Net.
8:39 of 2nd period - Wrist shot by Nick Bonino.
8:39 of 2nd period - Stopped by Kevin Poulin with a rebound.
8:41 of 2nd period - Wrist shot by Chris Neil.
8:41 of 2nd period - Shot Misses the Net.
8:57 of 2nd period - Luke Adam is hit by Michael Del Zotto and loses puck.
9:44 of 2nd period - Snap shot by Michael Del Zotto.
9:44 of 2nd period - Deflect By Logan Shaw.
9:44 of 2nd period - Shot Blocked by Dylan DeMelo.
9:44 of 2nd period - Puck is out of play.
9:45 of 2nd period - Nick Bonino wins face-off versus Radek Smolenak in Punishers zone.
10:17 of 2nd period - Snap shot by Luke Adam.
10:17 of 2nd period - Stopped by Calvin Pickard without a rebound.
10:18 of 2nd period - Luke Adam wins face-off versus Anton Lander in Mulligans zone.
10:21 of 2nd period - Wrist shot by Tanner Glass.
10:21 of 2nd period - Deflect By Luke Adam.
10:21 of 2nd period - Stopped by Calvin Pickard without a rebound.
10:22 of 2nd period - Luke Adam wins face-off versus Nick Bonino in Mulligans zone.
10:23 of 2nd period - Wrist shot by Tanner Glass.
10:23 of 2nd period - Shot Misses the Net.
11:10 of 2nd period - Icing by Adam McQuaid.
11:11 of 2nd period - Casey Cizikas wins face-off versus Maxime Macenauer in Punishers zone.
11:24 of 2nd period - Frazer Mclaren is hit by Matt Beleskey and loses puck.
11:39 of 2nd period - Slapshot by Michael Del Zotto.
11:39 of 2nd period - Stopped by Kevin Poulin with a rebound.
11:41 of 2nd period - Wrist shot by Maxime Macenauer.
11:41 of 2nd period - Shot Misses the Net.
11:43 of 2nd period - Snap shot by Maxime Macenauer.
11:43 of 2nd period - Shot Blocked by Adam McQuaid.
11:45 of 2nd period - Snap shot by Matt Beleskey.
11:45 of 2nd period - Shot Blocked by Mike Sauer.
11:47 of 2nd period - Wrist shot by Joonas Donskoi.
11:47 of 2nd period - Shot Blocked by Mike Sauer.
11:49 of 2nd period - Slapshot by Matt Donovan.
11:49 of 2nd period - Shot Hit the Post.
11:51 of 2nd period - Snap shot by Maxime Macenauer.
11:51 of 2nd period - Stopped by Kevin Poulin with a rebound.
11:53 of 2nd period - Slapshot by Michael Del Zotto.
11:53 of 2nd period - Shot Misses the Net.
11:57 of 2nd period - Wrist shot by Matt Beleskey.
11:57 of 2nd period - Shot Misses the Net.
12:11 of 2nd period - Slapshot by Casey Cizikas.
12:11 of 2nd period - Stopped by Calvin Pickard without a rebound.
12:12 of 2nd period - Petteri Nokelainen wins face-off versus Nick Bonino in Mulligans zone.
12:25 of 2nd period - Snap shot by Nick Bonino.
12:25 of 2nd period - Stopped by Kevin Poulin with a rebound.
12:27 of 2nd period - Slapshot by Matt Niskanen.
12:27 of 2nd period - Stopped by Kevin Poulin with a rebound.
12:37 of 2nd period - Boone Jenner is hit by Eric Tangradi and loses puck.
12:48 of 2nd period - Michael Del Zotto is hit by Boone Jenner and loses puck.
12:59 of 2nd period - Snap shot by Ryan Malone.
12:59 of 2nd period - Shot Misses the Net.
13:01 of 2nd period - Slapshot by Brandon McMillan.
13:01 of 2nd period - Stopped by Calvin Pickard with a rebound.
13:03 of 2nd period - Snap shot by Matt Mackenzie.
13:03 of 2nd period - Stopped by Calvin Pickard without a rebound.
13:04 of 2nd period - Nick Bonino wins face-off versus Michael Ferland in Mulligans zone.
13:17 of 2nd period - Wrist shot by Ryan Malone.
13:17 of 2nd period - Deflect By Brandon McMillan.
13:17 of 2nd period - Stopped by Calvin Pickard with a rebound.
13:29 of 2nd period - Radek Smolenak is hit by Tim Schaller and loses puck.
13:48 of 2nd period - Wrist shot by Dainius Zubrus.
13:48 of 2nd period - Shot Blocked by Maxime Macenauer.
13:50 of 2nd period - Snap shot by Dainius Zubrus.
13:50 of 2nd period - Deflect By Frazer Mclaren.
13:50 of 2nd period - Shot Misses the Net.
13:50 of 2nd period - Puck is out of play.
13:51 of 2nd period - Dainius Zubrus wins face-off versus Maxime Macenauer in Mulligans zone.
13:52 of 2nd period - Wrist shot by Casey Cizikas.
13:52 of 2nd period - Deflect By Dainius Zubrus.
13:52 of 2nd period - Shot Hit the Post.
13:52 of 2nd period - Puck is out of play.
13:53 of 2nd period - Maxime Macenauer wins face-off versus Casey Cizikas in Mulligans zone.
14:18 of 2nd period - Adam McQuaid is hit by Chris Neil and loses puck.
14:23 of 2nd period - Slapshot by Chris Neil.
14:23 of 2nd period - Shot Misses the Net.
14:25 of 2nd period - Slapshot by Michael Del Zotto.
14:25 of 2nd period - Stopped by Kevin Poulin with a rebound.
14:27 of 2nd period - Slapshot by Michael Del Zotto.
14:27 of 2nd period - Stopped by Kevin Poulin with a rebound.
14:29 of 2nd period - Wrist shot by Nick Bonino.
14:29 of 2nd period - Stopped by Kevin Poulin without a rebound.
14:30 of 2nd period - Anton Lander wins face-off versus Luke Adam in Punishers zone.
14:31 of 2nd period - Snap shot by Michael Del Zotto.
14:31 of 2nd period - Stopped by Kevin Poulin without a rebound.
14:32 of 2nd period - Luke Adam wins face-off versus Anton Lander in Punishers zone.
14:43 of 2nd period - Snap shot by Jonathan Tremblay.
14:43 of 2nd period - Deflect By Anton Lander.
14:43 of 2nd period - Shot Misses the Net.
14:43 of 2nd period - Puck is out of play.
14:44 of 2nd period - Nick Bonino wins face-off versus Miikka Salomaki in Punishers zone.
14:59 of 2nd period - Slapshot by Michael Del Zotto.
14:59 of 2nd period - Stopped by Kevin Poulin with a rebound.
15:09 of 2nd period - Eric Tangradi is hit by Mike Sauer and loses puck.
15:38 of 2nd period - Snap shot by Dainius Zubrus.
15:38 of 2nd period - Stopped by Calvin Pickard without a rebound.
15:39 of 2nd period - Nick Bonino wins face-off versus Petteri Nokelainen in Mulligans zone.
15:43 of 2nd period - Off-side.
15:44 of 2nd period - Petteri Nokelainen wins face-off versus Nick Bonino in neutral zone.
15:47 of 2nd period - Slapshot by Simon Despres.
15:47 of 2nd period - Stopped by Calvin Pickard without a rebound.
15:48 of 2nd period - Nick Bonino wins face-off versus Radek Smolenak in Mulligans zone.
15:55 of 2nd period - Alex Petrovic is hit by Thomas Hickey and loses puck.
16:12 of 2nd period - Simon Despres is hit by Drayson Bowman and loses puck.
16:56 of 2nd period - Wrist shot by Nick Bonino.
16:56 of 2nd period - Shot Misses the Net.
17:12 of 2nd period - Snap shot by Miikka Salomaki.
17:12 of 2nd period - Stopped by Calvin Pickard without a rebound.
17:13 of 2nd period - Anton Lander wins face-off versus Luke Adam in Mulligans zone.
17:20 of 2nd period - Slapshot by Michael Del Zotto.
17:20 of 2nd period - Deflect By Anton Lander.
17:20 of 2nd period - Shot Misses the Net.
17:20 of 2nd period - Puck is out of play.
17:21 of 2nd period - Anton Lander wins face-off versus Luke Adam in Punishers zone.
17:48 of 2nd period - Slapshot by Adam McQuaid.
17:48 of 2nd period - Deflect By Frazer Mclaren.
17:48 of 2nd period - Shot Misses the Net.
17:48 of 2nd period - Puck is out of play.
17:49 of 2nd period - Casey Cizikas wins face-off versus Maxime Macenauer in Mulligans zone.
17:52 of 2nd period - Snap shot by Casey Cizikas.
17:52 of 2nd period - Shot Misses the Net.
18:07 of 2nd period - Icing by Matt Mackenzie.
18:08 of 2nd period - Anton Lander wins face-off versus Casey Cizikas in Punishers zone.
18:09 of 2nd period - Wrist shot by Jonathan Tremblay.
18:09 of 2nd period - Shot Misses the Net.
18:13 of 2nd period - Snap shot by Jonathan Tremblay.
18:13 of 2nd period - Deflect By Anton Lander.
18:13 of 2nd period - Shot Misses the Net.
18:13 of 2nd period - Puck is out of play.
18:14 of 2nd period - Anton Lander wins face-off versus Petteri Nokelainen in Punishers zone.
18:39 of 2nd period - Chris Neil is hit by Luke Adam.
19:35 of 2nd period - Minor Penalty to Matt Beleskey for Hooking.
19:36 of 2nd period - Maxime Macenauer wins face-off versus Petteri Nokelainen in Mulligans zone.
Goals for this period are 0 for Punishers vs 1 for Mulligans.
Shots for this period are 12 for Punishers vs 14 for Mulligans.
3rd period
0:01 of 3rd period - Maxime Macenauer wins face-off versus Petteri Nokelainen in neutral zone.
0:12 of 3rd period - Slapshot by Mike Sauer.
0:12 of 3rd period - Deflect By Dainius Zubrus.
0:12 of 3rd period - Shot Misses the Net.
0:12 of 3rd period - Puck is out of play.
0:13 of 3rd period - Maxime Macenauer wins face-off versus Petteri Nokelainen in Mulligans zone.
0:16 of 3rd period - Wrist shot by Dainius Zubrus.
0:16 of 3rd period - Stopped by Calvin Pickard with a rebound.
0:18 of 3rd period - Slapshot by Petteri Nokelainen.
0:18 of 3rd period - Goal by Petteri Nokelainen - Punishers : 2 - Mulligans : 1.
0:19 of 3rd period - Anton Lander wins face-off versus Petteri Nokelainen in neutral zone.
0:24 of 3rd period - Miikka Salomaki is hit by Eric Tangradi and loses puck.
0:45 of 3rd period - Mike Sauer is hit by Drayson Bowman.
0:55 of 3rd period - Snap shot by Tanner Glass.
0:55 of 3rd period - Stopped by Calvin Pickard without a rebound.
0:56 of 3rd period - Petteri Nokelainen wins face-off versus Maxime Macenauer in Mulligans zone.
1:01 of 3rd period - Snap shot by Radek Smolenak.
1:01 of 3rd period - Shot Misses the Net.
1:05 of 3rd period - Snap shot by Petteri Nokelainen.
1:05 of 3rd period - Stopped by Calvin Pickard with a rebound.
1:25 of 3rd period - Backhand shot by Casey Cizikas.
1:25 of 3rd period - Stopped by Calvin Pickard with a rebound.
1:27 of 3rd period - Snap shot by Casey Cizikas.
1:27 of 3rd period - Goal by Casey Cizikas - Punishers : 3 - Mulligans : 1.
1:28 of 3rd period - Radek Smolenak wins face-off versus Jonathan Tremblay in neutral zone.
1:53 of 3rd period - Nick Bonino is hit by Luke Adam and loses puck.
2:13 of 3rd period - Slapshot by Brandon McMillan.
2:13 of 3rd period - Deflect By Ryan Malone.
2:13 of 3rd period - Goal by Ryan Malone - Punishers : 4 - Mulligans : 1.
2:14 of 3rd period - Petteri Nokelainen wins face-off versus Anton Lander in neutral zone.
2:29 of 3rd period - Snap shot by Eric Tangradi.
2:29 of 3rd period - Goal by Eric Tangradi - Punishers : 4 - Mulligans : 2.
2:30 of 3rd period - Anton Lander wins face-off versus Petteri Nokelainen in neutral zone.
2:41 of 3rd period - Darren Dietz is hit by Petteri Nokelainen and loses puck.
2:56 of 3rd period - Chris Neil is hit by Boone Jenner and loses puck.
3:05 of 3rd period - Wrist shot by Tanner Glass.
3:05 of 3rd period - Shot Blocked by Cade Fairchild.
3:23 of 3rd period - Darren Dietz is hit by Dainius Zubrus and loses puck.
3:38 of 3rd period - Wrist shot by Brandon McMillan.
3:38 of 3rd period - Shot Blocked by Matt Beleskey.
3:40 of 3rd period - Snap shot by Michael Ferland.
3:40 of 3rd period - Shot Misses the Net.
3:42 of 3rd period - Slapshot by Dylan DeMelo.
3:42 of 3rd period - Stopped by Calvin Pickard with a rebound.
3:54 of 3rd period - Snap shot by Petteri Nokelainen.
3:54 of 3rd period - Shot Blocked by Cade Fairchild.
3:56 of 3rd period - Snap shot by Miikka Salomaki.
3:56 of 3rd period - Shot Misses the Net.
3:58 of 3rd period - Slapshot by Radek Smolenak.
3:58 of 3rd period - Deflect By Petteri Nokelainen.
3:58 of 3rd period - Shot Misses the Net.
3:58 of 3rd period - Puck is out of play.
3:59 of 3rd period - Anton Lander wins face-off versus Boone Jenner in Mulligans zone.
3:59 of 3rd period - Anton Lander is hit by Mike Sauer.
4:20 of 3rd period - Minor Penalty to Mike Sauer for Tripping.
4:21 of 3rd period - Ryan Malone wins face-off versus Nick Bonino in Punishers zone.
4:31 of 3rd period - Snap shot by Chris Neil.
4:31 of 3rd period - Shot Misses the Net.
4:33 of 3rd period - Snap shot by Drayson Bowman.
4:33 of 3rd period - Shot Misses the Net.
4:35 of 3rd period - Slapshot by Michael Del Zotto.
4:35 of 3rd period - Shot Blocked by Dainius Zubrus.
4:37 of 3rd period - Slapshot by Drayson Bowman.
4:37 of 3rd period - Stopped by Kevin Poulin with a rebound.
4:47 of 3rd period - Ryan Malone is hit by Anton Lander and loses puck.
4:54 of 3rd period - Wrist shot by Jonathan Tremblay.
4:54 of 3rd period - Stopped by Kevin Poulin without a rebound.
4:55 of 3rd period - Ryan Malone wins face-off versus Nick Bonino in Punishers zone.
6:20 of 3rd period - Penalty to Mike Sauer is over, Mike Sauer is back on ice.
6:30 of 3rd period - Snap shot by Petteri Nokelainen.
6:30 of 3rd period - Stopped by Calvin Pickard with a rebound.
6:32 of 3rd period - Slapshot by Adam McQuaid.
6:32 of 3rd period - Shot Blocked by Thomas Hickey.
6:48 of 3rd period - Backhand shot by Logan Shaw.
6:48 of 3rd period - Stopped by Kevin Poulin without a rebound.
6:49 of 3rd period - Luke Adam wins face-off versus Tim Schaller in Punishers zone.
6:49 of 3rd period - Luke Adam is hit by Gord Baldwin.
6:57 of 3rd period - Snap shot by Tanner Glass.
6:57 of 3rd period - Stopped by Calvin Pickard without a rebound.
6:58 of 3rd period - Nick Bonino wins face-off versus Luke Adam in Mulligans zone.
6:58 of 3rd period - Nick Bonino is hit by Tanner Glass.
7:06 of 3rd period - Snap shot by Matt Donovan.
7:06 of 3rd period - Stopped by Kevin Poulin with a rebound.
7:10 of 3rd period - Wrist shot by Nick Bonino.
7:10 of 3rd period - Shot Misses the Net.
7:20 of 3rd period - Minor Penalty to Luke Adam for Tripping.
7:21 of 3rd period - Nick Bonino wins face-off versus Ryan Malone in Punishers zone.
7:58 of 3rd period - Slapshot by Eric Tangradi.
7:58 of 3rd period - Deflect By Anton Lander.
7:58 of 3rd period - Shot Misses the Net.
7:58 of 3rd period - Puck is out of play.
7:59 of 3rd period - Tanner Glass wins face-off versus Anton Lander in Punishers zone.
8:26 of 3rd period - Alex Petrovic is hit by Nick Bonino and loses puck.
9:20 of 3rd period - Penalty to Luke Adam is over, Luke Adam is back on ice.
9:23 of 3rd period - Off-side.
9:24 of 3rd period - Petteri Nokelainen wins face-off versus Maxime Macenauer in neutral zone.
9:30 of 3rd period - Icing by Matt Beleskey.
9:31 of 3rd period - Petteri Nokelainen wins face-off versus Maxime Macenauer in Mulligans zone.
9:43 of 3rd period - Snap shot by Cody Goloubef.
9:43 of 3rd period - Shot Blocked by Miikka Salomaki.
9:45 of 3rd period - Snap shot by Joonas Donskoi.
9:45 of 3rd period - Shot Blocked by Dylan DeMelo.
9:51 of 3rd period - Miikka Salomaki is hit by Matt Beleskey and loses puck.
10:10 of 3rd period - Snap shot by Maxime Macenauer.
10:10 of 3rd period - Stopped by Kevin Poulin without a rebound.
10:11 of 3rd period - Nick Bonino wins face-off versus Luke Adam in Punishers zone.
10:43 of 3rd period - Frazer Mclaren is hit by Jonathan Tremblay and loses puck.
11:18 of 3rd period - Darren Dietz is hit by Simon Despres and loses puck.
11:38 of 3rd period - Icing by Cade Fairchild.
11:39 of 3rd period - Petteri Nokelainen wins face-off versus Nick Bonino in Mulligans zone.
12:00 of 3rd period - Slapshot by Miikka Salomaki.
12:00 of 3rd period - Shot Misses the Net.
12:13 of 3rd period - Off-side.
12:14 of 3rd period - Tanner Glass wins face-off versus Anton Lander in neutral zone.
12:25 of 3rd period - Snap shot by Jonathan Tremblay.
12:25 of 3rd period - Stopped by Kevin Poulin with a rebound.
12:27 of 3rd period - Snap shot by Eric Tangradi.
12:27 of 3rd period - Goal by Eric Tangradi - Punishers : 4 - Mulligans : 3.
12:28 of 3rd period - Petteri Nokelainen wins face-off versus Chris Neil in neutral zone.
12:41 of 3rd period - Snap shot by Radek Smolenak.
12:41 of 3rd period - Stopped by Calvin Pickard with a rebound.
12:46 of 3rd period - Icing by Drayson Bowman.
12:47 of 3rd period - Tanner Glass wins face-off versus Nick Bonino in Mulligans zone.
12:56 of 3rd period - Slapshot by Tanner Glass.
12:56 of 3rd period - Shot Blocked by Drayson Bowman.
13:00 of 3rd period - Wrist shot by Tanner Glass.
13:00 of 3rd period - Stopped by Calvin Pickard with a rebound.
13:02 of 3rd period - Snap shot by Tanner Glass.
13:02 of 3rd period - Goal by Tanner Glass - Punishers : 5 - Mulligans : 3.
13:03 of 3rd period - Anton Lander wins face-off versus Petteri Nokelainen in neutral zone.
13:17 of 3rd period - Backhand shot by Adam McQuaid.
13:17 of 3rd period - Stopped by Calvin Pickard with a rebound.
13:40 of 3rd period - Wrist shot by Chris Neil.
13:40 of 3rd period - Shot Misses the Net.
13:57 of 3rd period - Icing by Tanner Glass.
13:58 of 3rd period - Luke Adam wins face-off versus Maxime Macenauer in Punishers zone.
14:13 of 3rd period - Slapshot by Matt Beleskey.
14:13 of 3rd period - Shot Blocked by Luke Adam.
14:15 of 3rd period - Slapshot by Joonas Donskoi.
14:15 of 3rd period - Goal by Joonas Donskoi - Punishers : 5 - Mulligans : 4.
14:16 of 3rd period - Anton Lander wins face-off versus Petteri Nokelainen in neutral zone.
14:27 of 3rd period - Wrist shot by Eric Tangradi.
14:27 of 3rd period - Stopped by Kevin Poulin with a rebound.
14:30 of 3rd period - Icing by Miikka Salomaki.
14:31 of 3rd period - Drayson Bowman wins face-off versus Petteri Nokelainen in Punishers zone.
14:32 of 3rd period - Snap shot by Nick Bonino.
14:32 of 3rd period - Shot Blocked by Miikka Salomaki.
14:52 of 3rd period - Minor Penalty to Nick Bonino for Roughing.
14:53 of 3rd period - Maxime Macenauer wins face-off versus Petteri Nokelainen in Mulligans zone.
15:09 of 3rd period - Snap shot by Petteri Nokelainen.
15:09 of 3rd period - Shot Blocked by Maxime Macenauer.
15:29 of 3rd period - Tanner Glass is hit by Gord Baldwin and loses puck.
15:40 of 3rd period - Slapshot by Mike Sauer.
15:40 of 3rd period - Goal by Mike Sauer - Punishers : 6 - Mulligans : 4.
15:41 of 3rd period - Tim Schaller wins face-off versus Casey Cizikas in neutral zone.
16:06 of 3rd period - Alex Petrovic is hit by Joonas Donskoi.
16:40 of 3rd period - Chris Neil is hit by Boone Jenner and loses puck.
17:13 of 3rd period - Matt Mackenzie is hit by Jonathan Tremblay and loses puck.
17:34 of 3rd period - Ryan Malone is hit by Tim Schaller and loses puck.
17:42 of 3rd period - Icing by Michael Ferland.
17:43 of 3rd period - Maxime Macenauer wins face-off versus Brandon McMillan in Punishers zone.
17:58 of 3rd period - Slapshot by Cody Goloubef.
17:58 of 3rd period - Deflect By Joonas Donskoi.
17:58 of 3rd period - Shot Misses the Net.
17:58 of 3rd period - Puck is out of play.
17:59 of 3rd period - Tim Schaller wins face-off versus Casey Cizikas in Punishers zone.
18:00 of 3rd period - Snap shot by Logan Shaw.
18:00 of 3rd period - Shot Hit the Post.
18:08 of 3rd period - Wrist shot by Tim Schaller.
18:08 of 3rd period - Shot Blocked by Dainius Zubrus.
18:35 of 3rd period - Snap shot by Mike Sauer.
18:35 of 3rd period - Shot Misses the Net.
18:37 of 3rd period - Slapshot by Tanner Glass.
18:37 of 3rd period - Stopped by Calvin Pickard without a rebound.
18:38 of 3rd period - Casey Cizikas wins face-off versus Nick Bonino in Mulligans zone.
19:11 of 3rd period - Off-side.
19:12 of 3rd period - Frazer Mclaren wins face-off versus Maxime Macenauer in neutral zone.
19:19 of 3rd period - Snap shot by Casey Cizikas.
19:19 of 3rd period - Deflect By Dainius Zubrus.
19:19 of 3rd period - Stopped by Calvin Pickard with a rebound.
19:45 of 3rd period - Snap shot by Tanner Glass.
19:45 of 3rd period - Shot Misses the Net.
Goals for this period are 5 for Punishers vs 3 for Mulligans.
Shots for this period are 17 for Punishers vs 10 for Mulligans.
Back to the Top